 Dungeon Crawl Stone Soup version 0.24-a0-335-g06ca16a (webtiles) character file.

Game seed: 16424999756867468679

219 mhoghedin the Cudgeler (level 5, -9/41 HPs)
             Began as a Mummy Fighter on May 18, 2019.
             Killed by divine providence
             ... invoked by an orc priest
              (11 damage)
             ... on level 4 of the Dungeon.
             The game lasted 00:03:55 (3355 turns).

mhoghedin the Cudgeler (Mummy Fighter)              Turns: 3355, Time: 00:03:55

Health: -9/41      AC: 11    Str: 21    XL:     5   Next: 63%
Magic:  5/5        EV:  7    Int: 11    God:
Gold:   249        SH:  9    Dex: 11    Spells: 4/4 levels left

rFire    x . .     SeeInvis .   a - +0 flail
rCold    + . .     Gourm    .   c - +0 shield
rNeg     + + +     Faith    .   b - +0 scale mail
rPois    ∞         Spirit   .   i - +0 helmet
rElec    .         Reflect  .   h - +0 cloak
rCorr    .         Harm     .   (no gloves)
MR       .....                  (no boots)
Stlth    ..........             (no amulet)
HPRegen  0.13/turn              l - +4 ring of intelligence
MPRegen  0.09/turn              k - +3 ring of protection

@: no status effects
A: no food or potions, fire vulnerability, cold resistance 1, negative energy
resistance 3, torment resistance, unbreathing
a: no special abilities


You were on level 4 of the Dungeon.
You were not hungry.

You visited 1 branch of the dungeon, and saw 4 of its levels.

You collected 249 gold pieces.

Inventory:

Hand Weapons
 a - a +0 flail (weapon)
Armour
 b - a +0 scale mail (worn)
 c - a +0 shield (worn)
 h - a +0 cloak (worn)
   (You found it on level 2 of the Dungeon)
 i - a +0 helmet (worn)
   (You found it on level 1 of the Dungeon)
Jewellery
 e - an uncursed ring of magical power {MP+9}
   (You found it on level 2 of the Dungeon)
 k - a +3 ring of protection (right hand)
   (You found it on level 1 of the Dungeon)
 l - a +4 ring of intelligence (left hand)
   (You found it on level 3 of the Dungeon)
Scrolls
 d - 2 scrolls of identify
 f - a scroll of amnesia {unknown}
 g - a scroll of remove curse
 j - 3 scrolls of teleportation
 m - a scroll of enchant weapon


   Skills:
 - Level 3.0 Fighting
 + Level 5.0 Maces & Flails
 - Level 2.4 Armour
 - Level 2.4 Shields


You had 4 spell levels left.
You didn't know any spells.
Your spell library was empty.

Dungeon Overview and Level Annotations

Branches:
Dungeon (4/15)
 Temple: D:4-7

Altars:
Ashenzari
Wu Jian
Xom


Innate Abilities, Weirdness & Mutations

You do not eat or drink.
Your flesh is vulnerable to fire.
You are immune to poison.
Your flesh is cold resistant. (rC+)
You are immune to negative energy. (rN+++)
You are immune to unholy pain and torment.
You can survive without breathing.


Message History

You start resting.
Health restored: 41 Unknown command.
There is a stone staircase leading down here.
You climb downwards.
You block the adder's attack. x2
There is a stone staircase leading up here.
You miss the adder. The adder bites you but does no damage.
You block the adder's attack.
The orc priest invokes the aid of Beogh against you.
Beogh smites you!
You take 15 damage, and have 26/41 hp.
MASSIVE DAMAGE!!
The adder bites you but does no damage.
You climb upwards.
There is a stone staircase leading down here.
You completely miss the adder. The adder bites you but does no damage.
You miss the adder. You block the adder's attack. x2
You miss the adder. You block the adder's attack. The adder bites you.
You take 1 damage, and have 26/41 hp.
You barely miss the adder. You block the adder's attack. x2
You miss the adder. The adder barely misses you.
You closely miss the adder. The adder closely misses you.
You block the adder's attack.
You closely miss the adder. You block the adder's attack.
You closely miss the adder. The adder bites you. You block the adder's attack.
You take 4 damage, and have 23/41 hp.
You closely miss the adder. You block the adder's attack. x2
You barely miss the adder. You block the adder's attack.
You sock the adder!
You kill the adder!
You see here an adder corpse.
Things that are here:
25 stones; a cursed -1 short sword You start resting.
Health restored: 41
There is a stone staircase leading down here.
You climb downwards.
An adder comes into view.
There is a stone staircase leading up here.
An adder is nearby!
An adder is nearby!
The adder bites you but does no damage.
You hit the adder. You block the adder's attack.
The adder bites you but does no damage.
You barely miss the adder. The adder bites you but does no damage.
You hit the adder. The adder bites you. The adder bites you but does no damage.
You take 1 damage, and have 40/41 hp.
You barely miss the adder. You block the adder's attack.
You hit the adder but do no damage. The adder bites you but does no damage.
The adder bites you.
You take 1 damage, and have 39/41 hp.
You barely miss the adder.
The adder bites you but does no damage. x2
You barely miss the adder. The adder barely misses you.
You hit the adder.
You kill the adder!
Your Maces & Flails skill increases to level 5!
No target in view!
No target in view!
No target in view!
No target in view!
Found a stone staircase leading down.
Health restored: 41 The orc priest is too close now for your liking.
An orc priest is nearby!
The orc priest casts a cantrip, but nothing happens.
You closely miss the orc priest.
The orc priest calls down the wrath of Beogh upon you.
Beogh smites you!
You take 15 damage, and have 26/41 hp.
MASSIVE DAMAGE!!
You hit the orc priest but do no damage.
The orc priest hits you with a +0 flail.
You take 2 damage, and have 24/41 hp.
Your shield and scale mail prevent you from hitting the orc priest.
The orc priest hits you but does no damage.
You hit the orc priest but do no damage.
The orc priest hits you but does no damage.
You hit the orc priest.
The orc priest hits you with a +0 flail.
You take 3 damage, and have 21/41 hp.
You hit the orc priest. The orc priest barely misses you.
Your shield and scale mail prevent you from hitting the orc priest.
You block the orc priest's attack.
You hit the orc priest but do no damage.
The orc priest calls down the wrath of Beogh upon you.
Beogh smites you!
* * * LOW HITPOINT WARNING * * *
You take 9 damage, and have 12/41 hp.
MASSIVE DAMAGE!!
You completely miss the orc priest.
The orc priest invokes the aid of Beogh against you.
Beogh smites you!
* * * LOW HITPOINT WARNING * * *
You take 10 damage, and have 2/41 hp.
MASSIVE DAMAGE!!
You hit the orc priest. You block the orc priest's attack.
You closely miss the orc priest.
The orc priest calls down the wrath of Beogh upon you.
Beogh smites you!
You die...

#.#.##.......##.## ##..#..##
...##............###.......#
#.........#(...^...#......##
.....)....................##
...#.......................#
...#......................##
...#................#...####
....................#....#.##
.........##.....@.......>...##
................o...#..#.....#
....................#..##...##
...................%#..##.###
#......<......##......##
#......(...##..#..##...#
.......................#
..$............!.......#
..................######


You could see an orc priest.

Vanquished Creatures
  3 orc wizards
  A worker ant (D:4)
  6 adders
  2 worms (D:2)
  A leopard gecko (D:2)
  4 orcs
  4 bats
  6 giant cockroaches
  10 goblins
  4 hobgoblins
  4 jackals (D:1)
  A quokka (D:2)
  A ball python (D:1)
  3 frilled lizards
  3 kobolds
  5 rats
  A toadstool (D:1)
59 creatures vanquished.

Vanquished Creatures (others)
  3 toadstools (D:1)
3 creatures vanquished.

Grand Total: 62 creatures vanquished

Notes
Turn   | Place    | Note
-------+----------+-------------------------------------------
     0 | D:1      | mhoghedin the Mummy Fighter began the quest for the Orb.
     0 | D:1      | Reached XP level 1. HP: 18/18 MP: 1/1
    50 | D:1      | Reached skill level 2 in Maces & Flails
   152 | D:1      | You fall through a shaft!
   188 | D:2      | Reached XP level 2. HP: 24/24 MP: 2/2
   258 | D:2      | Found a shattered altar of Ashenzari.
   271 | D:2      | Reached skill level 3 in Maces & Flails
   271 | D:2      | Reached XP level 3. HP: 17/29 MP: 3/3
  1139 | D:1      | Reached XP level 4. HP: 29/35 MP: 4/4
  1534 | D:3      | Found an ornate altar of the Wu Jian Council.
  1534 | D:3      | Found a shimmering altar of Xom.
  2268 | D:4      | Reached skill level 4 in Maces & Flails
  2314 | D:4      | Reached XP level 5. HP: 24/41 MP: 5/5
  2832 | D:3      | HP: 10/41 [orc wizard/magic dart (4)]
  2839 | D:3      | HP: 2/41 [orc/cursed -1 short sword (6)]
  3306 | D:4      | Reached skill level 5 in Maces & Flails
  3353 | D:4      | HP: 2/41 [orc priest/divine providence (10)]
  3355 | D:4      | Killed from afar by an orc priest

Levels and vault maps discovered:
D:1:      ldierk_water_garden, layout_rooms, corner_web_ring,
          ebering_dispersal_statue_hall
D:2:      layout_loops_ring, evilmike_ruin_ashenzari
D:3:      layout_basic, gammafunk_temple_overflow_elements
D:4:      layout_cave_pools, grunt_qazlal_sundering, lemuel_round_altar,
          minmay_temple_entry_enclosed_plants

Skill      XL: |  1  2  3  4  5 |
---------------+----------------+-----
Maces & Flails | 2 3 4 5 |  5.0
Fighting       | |  3.0
Armour         | |  2.4
Shields        | |  2.4

Action                   |  1- 3 |  4- 6 || total
-------------------------+-------+-------++-------
Melee: Flail             |   135 |   140 ||   275
  Use: Scroll            |       |     4 ||     4
Armor: Scale mail        |    75 |   103 ||   178
Dodge: Dodged            |    42 |    49 ||    91
Block: Shield            |    72 |    92 ||   164

Table legend:
 A = Non-vault XP
 B = Vault XP
 C = Vault XP percentage of total XP
 D = Non-vault monster count
 E = Vault monster count
 F = Vault count percentage of total count
                 A         B        C        D         E       F
            +---------+---------+-------+---------+---------+-------
      Total |     313 |       0 |   0.0 |      58 |       0 |   0.0
            +---------+---------+-------+---------+---------+-------
        D:1 |      26 |       0 |   0.0 |      16 |       0 |   0.0
        D:2 |      73 |       0 |   0.0 |      19 |       0 |   0.0
        D:3 |      86 |       0 |   0.0 |      14 |       0 |   0.0
        D:4 |     128 |       0 |   0.0 |       9 |       0 |   0.0
            +---------+---------+-------+---------+---------+-------

Levels and vault maps discovered:
D:1:      ldierk_water_garden, layout_rooms, corner_web_ring,
          ebering_dispersal_statue_hall
D:2:      layout_loops_ring, evilmike_ruin_ashenzari
D:3:      layout_basic, gammafunk_temple_overflow_elements
D:4:      layout_cave_pools, grunt_qazlal_sundering, lemuel_round_altar,
          minmay_temple_entry_enclosed_plants

Table legend:
 A = Turns spent in this place as a percentage of turns spent in the entire game.
 B = Non-inter-level travel turns spent in this place as a percentage of non-inter-level travel turns spent in the entire game.
 C = Inter-level travel turns spent in this place as a percentage of turns spent in this place.
 D = Turns resting spent in this place as a percentage of non-inter-level travel turns spent in this place.
 E = Turns spent auto-exploring this place as a percentage of non-inter-level travel turns spent in this place.
 F = Non-inter-level travel turns spent in this place divided by the number of levels of this place that you've seen.
                   A       B       C       D       E      F
               +-------+-------+-------+-------+-------+----------------------
         Total | 100.0 | 100.0 |   4.0 |  30.4 |  52.7 | 805.0
       Dungeon | 100.0 | 100.0 |   4.0 |  30.4 |  52.7 | 805.0
               +-------+-------+-------+-------+-------+----------------------

Table legend:
 A = Kills in this place as a percentage of kills in entire the game.
 B = Kills by you in this place as a percentage of kills by you in the entire game.
 C = Kills by friends in this place as a percentage of kills by friends in the entire game.
 D = Other kills in this place as a percentage of other kills in the entire game.
 E = Experience gained in this place as a percentage of experience gained in the entire game.
 F = Experience gained in this place divided by the number of levels of this place that you have seen.
                   A       B       C       D       E      F
               +-------+-------+-------+-------+-------+----------------------
         Total | 100.0 | 100.0 |   N/A |   N/A | 100.0 |  78.2
       Dungeon | 100.0 | 100.0 |   N/A |   N/A | 100.0 |  78.2
               +-------+-------+-------+-------+-------+----------------------
